Unix NetHack Version 3.7.0-66 Work-in-progress - last build Dec 5 2022 03:26:57 (dbea811729ade750c4c0c7f8ab6145c62533a6e7,branch:master). Game began 2022-12-07 23:27:19, ended 2022-12-09 13:07:26. Buffalo, neutral female human Priestess ------- ---- |.....| .. |.._..| -.- |.....| --- --- --.| ---|--- +.------ |..---- ---+-..--- |.| |......---+-.....-+--........--+- - |.| |)----........--................| ------ ..---.-- |)...--.......-|..--------|-- -- |%%%%| ... ........- |.|.. |...{....|--|.......@.| ....| ... |......... --- |)| --.......| |?@))[?![!| -|- ------.... --...---. |..-|.|---.--....--| ----------- --.---...-|...- ..| --...|.. --...|.--..|...|....|------ -.........|..---... |--.....|-.............---..%-|.!(.| ------ -...............-+.--+....-..-............|....|-)..-.(((| |...-. .....{....----...............|...G.......|-...|...-|..((| .|...| .........- --+--.---------.........--..|........|------ |.--|------- ........ |)|.(((| .-.......------ ..|....|--------.....|....| ..--- |.).(((| # ..-...--- .|...--......|...{..-).-|| --|.(((| - --.....----........|..|(| ------ ------- --------------- Buffalo the Adept St:13 Dx:14 Co:15 In:13 Wi:18 Ch:10 Neutral S:15826 Dlvl:8 $:0 HP:61(61) Pw:137(137) AC:-13 Xp:9/3814 T:5638 Latest messages: You engrave in the floor with 2 white gems. What do you want to engrave in the floor here? Never mind. What do you want to call? [deh-jl-npqs-zA-DF-OQ-VZ or ?*] B Call a white gem: dia What do you want to use or apply? [hkmnq-swGIJPRV or ?*] h You put a scroll labeled VAS CORP BET MANI into the bag called holding. You put a blessed scroll labeled ZLORFIK into the bag called holding. You put 2 unlabeled scrolls into the bag called holding. You put 4 cursed unlabeled scrolls into the bag called holding. You put a scroll called 100 ashpd into the bag called holding. You put a scroll called 100 eiris into the bag called holding. You put 2 scrolls called 100 verr into the bag called holding. You put a scroll called light into the bag called holding. You put a cursed scroll of confuse monster into the bag called holding. You put 2 scrolls of create monster into the bag called holding. You put a scroll of enchant weapon into the bag called holding. You put 2 scrolls of identify into the bag called holding. You put a scroll of teleportation into the bag called holding. Your movements are now unencumbered. Where do you want to travel to? (For instructions type a '?') You hear crashing rock. You hear a door open. The gnome shoots an arrow! An arrow misses you. "Hello, Buffalo! Welcome to Kabalebo's general store!" You see here a potion called 150 em (for sale, 200 zorkmids). You see here an effervescent potion (for sale, 400 zorkmids). You see here a scroll labeled XIXAXA XOXAXA XUXAXA (for sale, 133 zorkmids). Pick an object. [ a suit or piece of armor (a coarse mantelet (for sale, 53 zorkmids)) What do you want to put on? [ptFHNPU or ?*] P You are now wearing a blindfold. You can't see any more. What do you want to remove? [iPQ or ?*] P You were wearing a blindfold. You can see again. You see here a coarse mantelet (for sale, 53 zorkmids). You see here 7 crossbow bolts (for sale, 21 zorkmids). You see here a cursed crossbow (for sale, 53 zorkmids). You see here a cursed hexagonal amulet (for sale, 200 zorkmids). You see here a cursed scroll of teleportation (for sale, 133 zorkmids). You see here a cursed hexagonal amulet (for sale, 200 zorkmids). "For you, esteemed lady; only 200 zorkmids for this hexagonal amulet." D - a cursed hexagonal amulet (unpaid, 200 zorkmids). Really quit? [yn] (n) y Kabalebo comes and takes all your possessions. Do you want to see what you had when you quit? [ynq] (y) y Do you want to see your attributes? [ynq] (y) q Inventory: Amulets D - a cursed amulet of restful sleep i - an amulet of unchanging (being worn) Weapons E - 7 blessed +1 darts (at the ready) a - a blessed +4 mace (weapon in hand) Armor C - a +1 orcish helm (being worn) y - a blessed +5 pair of gauntlets of dexterity named bones (being worn) M - a blessed +1 pair of speed boots (being worn) c - a +0 small shield (being worn) A - a +0 cloak of magic resistance z - a +0 cloak of protection named bones b - a +0 robe (being worn) X - a +0 dwarvish mithril-coat named slR (being worn) Comestibles Y - a food ration g - 2 pears f - a sprig of wolfsbane W - a tripe ration Scrolls v - a scroll of teleportation Rings U - a ring of fire resistance N - a +1 ring of gain constitution H - a ring of levitation F - a ring of polymorph control Q - a +1 ring of protection (on left hand) t - a ring of teleport control p - a ring of warning Wands R - a wand of fire named bones-1 (0:7) s - a wand of lightning named -1 (0:5) G - a wand of magic missile named -1 (0:4) w - a wand of polymorph named -1 (0:7) V - a wand of secret door detection named -3 (0:11) n - a wand of sleep (0:4) m - a wand of speed monster named -2 (0:5) I - a wand of striking named -2 (0:3) Tools h - a bag of holding containing 19 items P - a blindfold r - a leash k - a lock pick q - a magic lamp (lit) Gems/Stones B - 2 diamonds K - 2 rubies J - a luckstone Contents of the bag of holding: 2 scrolls of blank paper 4 cursed scrolls of blank paper a cursed scroll of confuse monster 2 scrolls of create monster a scroll of destroy armor a scroll of enchant weapon a scroll of gold detection 2 scrolls of identify a scroll of light 2 scrolls of magic mapping a scroll of punishment a blessed scroll of taming a scroll of teleportation a potion of confusion a potion of enlightenment 2 potions of gain energy a blessed potion of healing 2 potions of holy water a tinning kit (0:81) Buffalo the Priestess's attributes: Background: You were an Adept, a level 9 human Priestess. You were neutral, on a mission for Brigit who was opposed by Lugh (lawful) and Manannan Mac Lir (chaotic). You started out male. You were in the Gnomish Mines, on level 8. You entered the dungeon 5638 turns ago. There was a full moon in effect when your adventure ended. You had 3814 experience points, 1306 more were needed to attain level 10. Your score was 15826 before end-of-game adjustments. Basics: You had all 61 hit points. You had all 137 energy points (spell power). Your armor class was -13. Your wallet was empty. Autopickup was on, but temporarily disabled while inside the shop. Final Characteristics: Your strength was 13 (limit:18/100). Your dexterity was 14 (base:9, limit:18). Your constitution was 15 (limit:18). Your intelligence was 13 (limit:18). Your wisdom was 18 (limit:18). Your charisma was 10 (limit:18). Final Status: You were not hungry. You were unencumbered. You were wielding a mace. You were skilled in mace and could have enhanced that. Final Attributes: You were piously aligned. You were sleep resistant. You were telepathic. You had a small defense bonus (+4). You were protected. You could not change from your current form. You were very fast. You were lucky. You had extra luck. Bad luck did not time out for you. Good luck did not time out for you. You survived. Miscellaneous: You encountered 1 bones level. Total elapsed playing time was 1 hour, 20 minutes and 13 seconds. Major events: Turn 1: Buffalo the neutral human Priest entered the dungeon 1351: attained the rank of Acolyte (level 3) 3060: attained the rank of Adept (level 6) 3224: destroyed Dhuend's ghost, the former Conjurer 3572: entered Sokoban 4135: declined to make a wish 4910: entered the Gnomish Mines 5419: reached Mine Town 5638: quit Vanquished creatures: a ghost a stalker 2 small mimics a large cat 2 leocrottas a python a wraith an ettin zombie a chameleon 2 cockatrices 2 wolves a panther 44 leprechauns a mumak a giant spider a black light a vampire bat a gnome ruler a gold golem a raven a snake 4 Woodland-elves 2 Uruk-hai an orc shaman 2 ponies 3 fog clouds a yellow light a violet fungus 7 gnome leaders a gnomish wizard a kobold mummy a ghoul a straw golem 2 floating eyes a kitten 9 dwarves a homunculus a kobold shaman 2 hill orcs 4 rothes a wererat a werejackal 2 iguanas 6 killer bees a gas spore 5 hobbits 2 manes 2 large kobolds a hobgoblin 3 giant rats 2 cave spiders a yellow mold a red mold 27 gnomes 4 geckos 8 jackals 2 goblins 13 sewer rats 9 grid bugs 4 lichens a kobold zombie 8 newts 217 creatures vanquished. No species were genocided or became extinct. Voluntary challenges: You read items or engraved 18 times. You never engraved Elbereth. You never genocided any monsters. You never polymorphed an object. You never changed form. You used no wishes. You did not violate any of the special Sokoban rules. Achievements: You entered a shop. You attained the rank of Acolyte. You attained the rank of Adept. You entered Sokoban. You entered the Gnomish Mines. You entered Minetown. You entered a temple. The Dungeons of Doom: levels 1 to 11 Level 1: Level 2: "shop,vault" A general store, some fountains. Level 3: "shop" A general store, a fountain, a sink. Level 4: Stairs down to The Gnomish Mines. Level 5: "bigshpo" A general store. Level 6: Level 7: "shop,closed" A general store. Level 8: "closed shop" A potion shop. Level 9: "oracle,grayuni,bones" Many fountains, a grave. Oracle of Delphi. Final resting place for Dhuend-Wiz-Hum-Mal-Neu, killed by a killer bee. Level 10: A sink, a grave. Stairs up to Sokoban, level 9. Level 11: "shop" The Gnomish Mines: levels 5 to 8 Level 5: Level 6: Level 7: Level 8: <- You were here. Many shops, a temple, many fountains. Sokoban: Level 9: Unsolved. Goodbye Buffalo the Priestess... You quit in The Gnomish Mines on dungeon level 8 with 15826 points, and 0 pieces of gold, after 5638 moves. You were level 9 with a maximum of 61 hit points when you quit.